 Dungeon Crawl Stone Soup version 0.30-a0-605-gb2882149bf (webtiles) character file.

Game seed: 5210345180897533727

132 bmack86 the Trooper (level 4, 0/41 HPs)
             Began as a Minotaur Fighter on Jan 8, 2023.
             Constricted to death by Grinder (2 damage)
             ... on level 3 of the Dungeon.
             The game lasted 00:05:52 (1672 turns).

bmack86 the Trooper (Minotaur Fighter)              Turns: 1672, Time: 00:05:53

Health: 0/41       AC:  8    Str: 22    XL:     4   Next: 92%
Magic:  3/3        EV:  6    Int:  5    God:
Gold:   184        SH:  4    Dex: 10    Spells: 3/3 levels left

rFire   . . .      SeeInvis .    a - +0 war axe
rCold   . . .      Faith    .    c - +0 buckler
rNeg    . . .      Spirit   .    b - +0 scale mail
rPois   .          Reflect  .    (helmet restricted)
rElec   .          Harm     .    (no cloak)
rCorr   .          Rampage  .    (no gloves)
Will    +....                    j - +0 pair of boots Stlth
                                 (no amulet)
HPRegen 0.26/turn                p - ring of willpower
MPRegen 0.08/turn                (no ring)

@: mighty, grasped by roots, constricted
A: horns 2, retaliatory headbutt
a: no special abilities


You were on level 3 of the Dungeon.
You visited 1 branch of the dungeon, and saw 3 of its levels.

You collected 184 gold pieces.

Inventory:

Hand Weapons
 a - a +0 war axe (weapon)
Missiles
 g - 6 javelins (quivered)
 t - 4 atropa-tipped darts
Armour
 b - a +0 scale mail (worn)
 c - a +0 buckler (worn)
 j - a +0 pair of boots (worn)
Jewellery
 p - a ring of willpower (left hand)
Scrolls
 i - a scroll of acquirement {unknown}
 k - 2 scrolls of immolation {unknown}
 l - 3 scrolls of fear
 m - a scroll of magic mapping {unknown}
 n - a scroll of amnesia {unknown}
Potions
 e - a potion of attraction {unknown}
 h - 2 potions of curing {unknown}
 o - a potion of heal wounds {unknown}
 q - a potion of haste {unknown}
 r - a potion of degeneration {unknown}
 s - a potion of berserk rage {unknown}
 u - a potion of flight {unknown}


   Skills:
 * Level 4.7 Fighting
 * Level 4.1 Axes
 + Level 1.2 Throwing
 + Level 4.3 Armour
 + Level 4.1 Shields


You had 3 spell levels left.
You didn't know any spells.
Your spell library was empty.

Dungeon Overview and Level Annotations

Branches:
Dungeon (3/15)

Altars:
Dithmenos

Annotations:
D:3 Grinder


Innate Abilities, Weirdness & Mutations

You have a pair of horns on your head.
You reflexively headbutt those who attack you in melee.


Message History

Grinder gestures at you. Pain shoots through your body!
Sorry, you're not good enough to have a special ability.
You feel very mighty all of a sudden.
Grinder zaps a wand.
The roots erupt in riotous growth!
The grasping roots grab you! The grasping roots constrict you.
A bat comes into view.
You escape the roots grasp.
Grinder gestures at you.
You easily resist.
You barely miss the bat. You headbutt the bat.
The bat is severely wounded.
The bat barely misses you. The bat closely misses you.
You slice the bat!!
You kill the bat!
You hit Grinder. Grinder hits you.
You writhe in agony.
Grinder gestures at you. Pain shoots through your body!
Grinder barely misses you.
You see here a bat corpse.
Grinder gestures at you. You resist with some effort.
Grinder hits you but does no damage.
You barely miss Grinder.
Grinder is lightly wounded.
Grinder zaps a wand.
The roots erupt in riotous growth!
The grasping roots grab you!
Grinder is unaffected.
The grasping roots constrict you!
* * * LOW HITPOINT WARNING * * *
You slash Grinder!
Grinder is moderately wounded.
Grinder hits you but does no damage. The grasping roots constrict you.
You completely miss Grinder. You headbutt Grinder!
Grinder is severely wounded.
Grinder barely misses you. The grasping roots constrict you.
* * * LOW HITPOINT WARNING * * *
Grinder gestures at you. You resist with some effort.
The grasping roots constrict you.
You die...

#............###.#.#._.#.#..
#.........##.##..#.#...#.#.#
#.#....#####.....#.......#.#
.>.#...## #####.#.#####.#.###
........# #.............#
........# #..............
...###...########....#....<....
... ###.......†..#######..†...
.......@5### #...... .....?.###
#...... ##.._.. #...... #.....
####### ....... ##..### ##. #


You could see Grinder.

Vanquished Creatures
  Robin (D:2)
  A gnoll (D:1)
  3 adders (D:2)
  2 dart slugs
  10 endoplasms
  4 giant cockroaches (D:1)
  13 goblins
  9 hobgoblins
  3 jackals (D:1)
  4 quokkas
  6 ball pythons
  5 bats
  3 frilled lizards (D:1)
  6 kobolds
  2 rats
72 creatures vanquished.

Notes
Turn   | Place    | Note
-------+----------+-------------------------------------------
     0 | D:1      | bmack86 the Minotaur Fighter began the quest for the Orb.
     0 | D:1      | Reached XP level 1. HP: 19/19 MP: 0/0
   169 | D:1      | Reached XP level 2. HP: 18/27 MP: 1/1
   380 | D:1      | Reached XP level 3. HP: 26/33 MP: 2/2
  1038 | D:2      | Reached XP level 4. HP: 36/41 MP: 3/3
  1059 | D:2      | Reached skill level 1 in Throwing
  1228 | D:2      | Noticed Robin
  1233 | D:2      | Killed Robin
  1489 | D:3      | Found a shadowy altar of Dithmenos.
  1661 | D:3      | Found a faded altar of an unknown god.
  1661 | D:3      | Noticed Grinder
  1672 | D:3      | HP: 2/41 [constriction (5)]
  1672 | D:3      | Constricted to death by Grinder

Illustrated notes

Levels and vault maps discovered:
D:1:      grunt_arrival_lava_bath, layout_loops_corners, minmay_split_cup_small
D:2:      layout_rooms, uniq_robin
D:3:      layout_rooms, mainiacjoe_overflow_cross_hatched,
          ebering_ecumenical_altar_sacrificial, bh_walls_and_bars, uniq_grinder

Skill      XL: |  1  2  3  4 |
---------------+-------------+-----
Axes           | 3 4 |  4.1
Fighting       | 4 |  4.7
Armour         | 4 |  4.3
Shields        | 4 |  4.1
Throwing       | 1 |  1.2

Action                   |  1- 3 |  4- 6 || total
-------------------------+-------+-------++-------
Melee: War axe           |    70 |    43 ||   113
       Headbutt          |     9 |     6 ||    15
Throw: Javelin           |     8 |     6 ||    14
  Use: Scroll            |     1 |     1 ||     2
       Potion            |       |     1 ||     1
Armor: Scale mail        |    49 |    25 ||    74
Dodge: Dodged            |    49 |    32 ||    81
Block: Buckler           |    17 |    13 ||    30

Table legend: (Time is in decaauts)
 A = Elapsed time spent in this place.
 B = Non-inter-level travel time spent in this place.
 C = Inter-level travel time spent in this place.
 D = Time resting spent in this place.
 E = Time spent auto-exploring this place.
 F = Levels seen in this place.
 G = Mean time per level.
                   A        B        C        D        E       F      G
               +--------+--------+--------+--------+--------+-----+--------+
         Total |   1719 |   1657 |     62 |      0 |    880 |   3 |  573.0 |
       Dungeon |   1719 |   1657 |     62 |      0 |    880 |   3 |  573.0 |
               +--------+--------+--------+--------+--------+-----+--------+

Top non-repeatable levels by time:
     D:1: 1018 daAuts
     D:2: 510 daAuts
     D:3: 190 daAuts
